 Dungeon Crawl Stone Soup version 0.27.1-33-g824d729ab1 (webtiles) character file.

Game seed: 12478796102995949706

2146692 Findor the Skullcrusher (level 27, 236/236 HPs)
             Began as a Demonspawn Gladiator on Nov 20, 2021.
             Was an Elder of Okawaru.
             Escaped with the Orb
             ... and 4 runes on Nov 30, 2021!
             The game lasted 04:18:23 (90147 turns).

Findor the Skullcrusher (Demonspawn Gladiator)     Turns: 90147, Time: 04:18:23

Health: 236/236    AC: 47    Str: 22    XL:     27
Magic:  29/29      EV: 16    Int: 15    God:    Okawaru [****..]
Gold:   3120       SH: 41    Dex: 14    Spells: 26/26 levels left

rFire    + + +     SeeInvis .   a - +9 eveningstar (freeze)
rCold    + + .     Faith    .   q - +18 shield of the Gong {rElec rN+ Will+ EV-5}
rNeg     + + .     Spirit   .   H - +6 gold dragon scales
rPois    +         Reflect  +   n - +2 hat {Will+}
rElec    +         Harm     .   T - +2 cloak of the Forest {Str+5 Int+3}
rCorr    .         Rampage  .   (gloves unavailable)
Will     ++++.                  i - +1 pair of boots {Stlth+}
Stlth    ..........             h - amulet "Jefyzy" {Reflect rElec rN+ Str-4 SH+5}
HPRegen  0.49/turn              V - ring "Kocicyrph" {Fly rPois rC+}
MPRegen  0.21/turn              f - ring "Plog" {rF+ EV+4 Str-5 Stlth+}

@: flying, studying 2 skills, repel missiles
A: claws 3, repulsion field 3, icemail 2, powered by pain 3, condensation
shield, corrupting presence 2, word of chaos, beak, hooves 1, clumsy 1, fire
resistance 1, strong 1
0: Orb of Zot
}: 4/15 runes: serpentine, barnacled, silver, abyssal
a: Word of Chaos, Renounce Religion, Heroism


You escaped.
You worshipped Okawaru.
Okawaru was greatly pleased with you.
You visited 11 branches of the dungeon, and saw 53 of its levels.
You visited the Abyss 2 times.
You visited 1 ziggurat, and saw 10 of its levels.
You also visited: Sewer and Bailey.

You collected 11936 gold pieces.
You spent 8816 gold pieces at shops.


Innate Abilities, Weirdness & Mutations

You have claws for hands.
You are surrounded by a strong repulsion field. (EV +4, RMsl)
A meltable icy envelope protects you from harm. (AC +8)
You are powered by pain.
A meltable shield of frost defends you. (SH +4)
Your presence sometimes corrodes or deforms those you injure.
You can speak a Word of Chaos.
You have a beak for a mouth.
You have large cloven feet.
You are clumsy. (Dex -2)
Your flesh is heat resistant. (rF+)
Your muscles are strong. (Str +2)


   Skills:
 + Level 23.4 Fighting
 O Level 27 Maces & Flails
 - Level 4.0 Throwing
 + Level 23.2 Armour
 + Level 21.0 Dodging
 - Level 15.0 Shields
 - Level 8.0 Invocations
 - Level 12.0 Evocations


You had 26 spell levels left.
You didn't know any spells.
Your spell library contained the following spells:

 Spells                   Type           Power      Damage    Failure   Level
 Animate Skeleton         Necr           0%         N/A       98%         1
 Beastly Appendage        Tmut           0%         N/A       98%         1
 Corona                   Hex            0%         N/A       98%         1
 Magic Dart               Conj           0%         1d3       98%         1
 Pain                     Necr           0%         1d4       98%         1
 Sandblast                Erth           0%         2d4       98%         1
 Shock                    Conj/Air       0%         1d3       98%         1
 Sting                    Tmut/Pois      0%         1d3       98%         1
 Summon Small Mammal      Summ           0%         N/A       98%         1
 Blink                    Tloc           N/A        N/A       99%         2
 Call Imp                 Summ           0%         N/A       99%         2
 Corpse Rot               Necr/Air       N/A        N/A       99%         2
 Ensorcelled Hibernation  Hex/Ice        0%         N/A       99%         2
 Passwall                 Tmut/Erth      0%         N/A       99%         2
 Poisonous Vapours        Pois/Air       0%         N/A       99%         2
 Static Discharge         Conj/Air       0%         N/A       99%         2
 Sublimation of Blood     Necr           0%         N/A       99%         2
 Wereblood                Tmut           0%         N/A       99%         2
 Call Canine Familiar     Summ           0%         N/A       100%        3
 Dazzling Flash           Conj/Hex       0%         N/A       100%        3
 Frozen Ramparts          Ice            0%         1d2       100%        3
 Gell's Gravitas          Tloc           0%         N/A       100%        3
 Ignite Poison            Fire/Tmut/Pois 0%         N/A       100%        3
 Inner Flame              Hex/Fire       0%         N/A       100%        3
 Mephitic Cloud           Conj/Pois/Air  0%         N/A       100%        3
 Ozocubu's Armour         Ice            0%         N/A       100%        3
 Portal Projectile        Hex/Tloc       0%         N/A       100%        3
 Spider Form              Tmut/Pois      0%         N/A       100%        3
 Stone Arrow              Conj/Erth      0%         3d7       100%        3
 Summon Guardian Golem    Hex/Summ       0%         N/A       100%        3
 Swiftness                Air            0%         N/A       100%        3
 Teleport Other           Tloc           0%         N/A       100%        3
 Tukima's Dance           Hex            0%         N/A       100%        3
 Airstrike                Air            0%         N/A       100%        4
 Animate Armour           Summ/Erth      0%         N/A       100%        4
 Animate Dead             Necr           0%         N/A       100%        4
 Cause Fear               Hex            0%         N/A       100%        4
 Dispel Undead            Necr           0%         3d6       100%        4
 Fulminant Prism          Conj/Hex       0%         3d6       100%        4
 Hailstorm                Conj/Ice       0%         3d3       100%        4
 Ice Form                 Ice/Tmut       0%         N/A       100%        4
 Iskenderun's Mystic Bla  Conj/Tloc      0%         2d3       100%        4
 Olgreb's Toxic Radiance  Pois           0%         N/A       100%        4
 Passage of Golubria      Tloc           N/A        N/A       100%        4
 Petrify                  Tmut/Erth      0%         N/A       100%        4
 Sticky Flame             Conj/Fire      0%         2d3       100%        4
 Summon Ice Beast         Ice/Summ       0%         N/A       100%        4
 Summon Lightning Spire   Summ/Air       0%         N/A       100%        4
 Agony                    Necr           0%         N/A       100%        5
 Blade Hands              Tmut           0%         N/A       100%        5
 Bolt of Magma            Conj/Fire/Erth 0%         4d4       100%        5
 Borgnjor's Vile Clutch   Necr/Erth      0%         N/A       100%        5
 Excruciating Wounds      Necr           0%         N/A       100%        5
 Fireball                 Conj/Fire      0%         3d3       100%        5
 Freezing Cloud           Conj/Ice/Air   0%         6-21      100%        5
 Iskenderun's Battlesphe  Conj           0%         2d6       100%        5
 Lee's Rapid Deconstruct  Erth           0%         3d5*      100%        5
 Lightning Bolt           Conj/Air       0%         1d11      100%        5
 Manifold Assault         Tloc           0%         N/A       100%        5
 Metabolic Englaciation   Hex/Ice        0%         N/A       100%        5
 Silence                  Hex/Air        0%         N/A       100%        5
 Summon Forest            Summ/Tloc      0%         N/A       100%        5
 Summon Mana Viper        Hex/Summ       0%         N/A       100%        5
 Yara's Violent Unravell  Hex/Tmut       0%         3d3       100%        5
 Death Channel            Necr           0%         N/A       100%        6
 Dispersal                Tloc           0%         N/A       100%        6
 Eringya's Noxious Bog    Tmut/Pois      0%         N/A       100%        6
 Invisibility             Hex            0%         N/A       100%        6
 Iron Shot                Conj/Erth      0%         9d1       100%        6
 Simulacrum               Ice/Necr       0%         N/A       100%        6
 Starburst                Conj/Fire      0%         6d3       100%        6
 Statue Form              Tmut/Erth      0%         N/A       100%        6
 Haunt                    Necr/Summ      0%         N/A       100%        7
 Ozocubu's Refrigeration  Ice            0%         4d5       100%        7
 Spellforged Servitor     Conj/Summ      0%         N/A       100%        7
 Storm Form               Tmut/Air       0%         N/A       100%        7
 Summon Hydra             Summ           0%         N/A       100%        7
 Discord                  Hex            0%         N/A       100%        8
 Disjunction              Tloc           0%         N/A       100%        8
 Ignition                 Fire           0%         3d3       100%        8
 Lehudib's Crystal Spear  Conj/Erth      0%         10d2      100%        8
 Shatter                  Erth           0%         3d5*      100%        9

Inventory:

Hand Weapons
 a - a +9 eveningstar of freezing (weapon)
   (Okawaru gifted it to you on level 6 of the Lair of Beasts)
 b - a +3 antimagic demon whip
   (You took it off a balrug on level 10 of a ziggurat)
 s - the +4 demon whip of Punishment {pain, rElec rPois rF+ Int+3}
   (Okawaru gifted it to you on level 3 of the Realm of Zot)

   In the hands of one skilled in necromantic magic, it inflicts extra damage on
   living creatures.
   Int:       It affects your intelligence (+3).
   rF:        It protects you from fire.
   rElec:     It insulates you from electricity.
   rPois:     It protects you from poison.
 P - a +9 demon whip of protection {!w}
   (Okawaru gifted it to you on level 6 of the Lair of Beasts)
Missiles
 u - 16 boomerangs of dispersal {!f}
 M - 11 curare-tipped darts
 O - 29 silver javelins (quivered)
 Z - 19 throwing nets {!f}
Armour
 i - a +1 pair of boots of stealth (worn)
   (You bought it in a shop on level 1 of the Elven Halls)
 n - a +2 hat of willpower (worn)
   (Okawaru gifted it to you on level 1 of the Elven Halls)
 q - the +18 shield of the Gong (worn) {rElec rN+ Will+ EV-5}
   (You bought it in a shop on level 2 of the Shoals)

   It is deafeningly noisy when blocking attacks.
   EV:        It affects your evasion (-5).
   rElec:     It insulates you from electricity.
   rN:        It protects you from negative energy.
   Will:      It increases your willpower.
 G - a +2 kite shield
   (You found it on level 1 of a ziggurat)
 H - +6 gold dragon scales (worn)
   (You found it on level 4 of the Depths)
 T - the +2 cloak of the Forest (worn) {Str+5 Int+3}
   (You acquired it on level 2 of the Orcish Mines)

   Str:       It affects your strength (+5).
   Int:       It affects your intelligence (+3).
Jewellery
 d - a ring of resist corrosion
   (You took it off a frost giant on level 1 of the Depths)
 f - the ring "Plog" (right claw) {rF+ EV+4 Str-5 Stlth+}
   (You found it on level 3 of the Lair of Beasts)

   [ring of evasion]

   EV:        It affects your evasion (+4).
   Str:       It affects your strength (-5).
   rF:        It protects you from fire.
   Stlth:     It makes you more stealthy.
 h - the amulet "Jefyzy" (around neck) {Reflect rElec rN+ Str-4 SH+5}
   (You took it off a deep elf high priest on level 3 of the Elven Halls)

   [amulet of reflection]

   It reflects blocked missile attacks.
   Str:       It affects your strength (-4).
   rElec:     It insulates you from electricity.
   rN:        It protects you from negative energy.
   SH:        It affects your SH (+5).
 z - a ring of see invisible
   (You found it on level 3 of the Lair of Beasts)
 V - the ring "Kocicyrph" (left claw) {Fly rPois rC+}
   (You took it off a tengu reaver on level 5 of the Vaults)

   [ring of poison resistance]

   rC:        It protects you from cold.
   rPois:     It protects you from poison.
   Fly:       It grants you flight.
Wands
 v - a wand of digging (29)
   (You found it on level 1 of the Lair of Beasts)
 x - a wand of acid (31)
   (You found it on level 10 of the Dungeon)
Scrolls
 m - 7 scrolls of immolation {!r}
 o - 11 scrolls of fear
 y - 30 scrolls of identify {@r1}
 A - 12 scrolls of fog
 I - 3 scrolls of blinking
 R - 4 scrolls of magic mapping
 U - 6 scrolls of silence
 X - 8 scrolls of teleportation {@r4}
Potions
 c - 7 potions of lignification {!q}
 e - 2 potions of heal wounds {@q2}
 l - 8 potions of haste {@q3}
 t - a potion of flight
 w - 2 potions of magic
 B - 2 potions of mutation {!q}
 C - 6 potions of resistance
 E - 5 potions of cancellation
 F - 11 potions of might
 K - 3 potions of invisibility
 N - 14 potions of curing {@q1}
Miscellaneous
 k - a phantom mirror
   (You found it on level 3 of the Elven Halls)
 r - a lightning rod (4/4) {!a}
   (You found it on level 14 of the Dungeon)
 W - a phial of floods
   (You found it on level 4 of the Lair of Beasts)
 Y - a condenser vane
   (You found it on level 5 of the Lair of Beasts)


Message History

You feel like a meek peon again.
There is a stone staircase leading up here.
You fly upwards.
There is a stone staircase leading down here.
There is a stone staircase leading up here.
You fly upwards.
There is a stone staircase leading down, spattered with blood here.
A green death comes into view.
You block the green death's attack.
BONNNG!
You puncture the green death! You freeze the green death!
You block the green death's attack.
GONNNNG!
You puncture the green death!
The green death twists and deforms.
You freeze the green death. The green death gestures at you.
The blast of poison engulfs you. You resist.
You bludgeon the green death!! You freeze the green death.
You block the green death's attack.
BONNNG!
You barely miss the green death. Your peck misses the green death.
You flatten the green death like a pancake!!!
You freeze the green death.
You kill the green death!
Okawaru accepts your kill.
There is an escape hatch in the ceiling here.
You can't go down here!
A mysterious force pulls you upwards. The hatch slams shut behind you.
There is a stone staircase leading down here.
There is a stone staircase leading up here.
You fly upwards.
There is a stone staircase leading down here.
An Orb Guardian comes into view.
The Orb Guardian moves out of view.
You block the Orb Guardian's attack.
GONNNNG!
You block the Orb Guardian's attack.
GONNNNG!
The Orb Guardian hits you but does no damage.
You impale the Orb Guardian!!
Your corrupting presence corrodes the Orb Guardian!
You freeze the Orb Guardian! You block the Orb Guardian's attack.
GONNNNG!
You skewer the Orb Guardian like a kebab!!!
You freeze the Orb Guardian!
You kill the Orb Guardian!
Okawaru accepts your kill.
There is an open door here.
There is a staircase leading out of the dungeon here.
You have escaped!

#.##########
#.#
#..........#
#.##
#..≈≈≈≈..8.#
##.#
#..........#
#..
#####.######
#..
####'#####
#..
#........#
###
#........# #
#......@.#
#........#
#........#
##########


There were no monsters in sight!

Vanquished Creatures
  4 orbs of fire
  5 dread liches
  2 pandemonium lords
  3 ancient liches
  Mennas (Depths:5)
  A juggernaut (Zot:4)
  Sojobo (Depths:1)
  A shard shrike (Zig:8)
  4 Killer Klowns
  Margery (Crypt:2)
  Bai Suzhen (Vaults:5)
  Saint Roka (Elf:2)
  The ghost of Botiu the Slayer, a veteran GrFi of Ashenzari (Vaults:3)
  Xtahua (Crypt:2)
  3 curse toes
  A caustic shrike (Depths:1)
  16 golden dragons
  A profane servitor (D:7)
  5 bone dragons
  Jory (Vaults:5)
  4 electric golems
  2 Tzitzimimeh
  20 tentacled monstrosities
  A Brimstone Fiend (Zig:10)
  2 Hell Sentinels
  2 hellephants (Depths:1)
  Asterion (Depths:1)
  2 deep elf blademasters
  5 titans
  28 Orb Guardians
  6 quicksilver dragons
  5 ancient champions
  7 liches
  An Executioner (D:5)
  3 deep elf master archers (Elf:3)
  11 tentacled starspawn
  13 death cobs
  Frances (Snake:1)
  14 tengu reavers
  11 sphinxes
  13 shadow dragons
  16 storm dragons
  A rockslime (Zot:5)
  A shadow dragon (shapeshifter) (Vaults:5)
  6 fire giants
  3 revenants
  6 nagarajas
  2 iron dragons (Vaults:5)
  4 draconian knights
  Aizul (Snake:2)
  2 orc warlords (Orc:2)
  11 frost giants
  4 balrugs
  8 deep elf sorcerers
  A cacodemon (D:5)
  5 draconian monks
  14 draconian scorchers
  3 angels
  A blood saint (Depths:3)
  A ghost moth (Zot:3)
  16 vault wardens
  A reaper (Abyss:2)
  10 draconian shifters
  3 curse skulls
  A ghoul (Crypt:2)
  A caustic shrike zombie (Zig:10)
  A quicksilver ooze (Zig:1)
  4 draconian stormcallers
  2 deep elf elementalists (Elf:3)
  6 draconian annihilators
  3 war gargoyles
  3 caustic shrike skeletons
  19 stone giants
  28 ironbound preservers
  33 very ugly things
  12 vampire knights
  7 deep elf demonologists
  11 green draconians
  7 deep elf annihilators
  7 black draconians
  A spark wasp (shapeshifter) (Depths:3)
  3 entropy weavers
  12 purple draconians
  17 white draconians
  8 red draconians
  10 yellow draconians
  5 merfolk javelineers (Shoals:4)
  9 dire elephants
  16 ettins
  3 green deaths
  10 merfolk impalers
  3 eidola
  9 deep elf death magi
  Josephine (Shoals:1)
  12 yaktaur captains
  7 great orbs of eyes
  19 fire dragons
  5 blizzard demons
  4 salamander tyrants
  17 jiangshi
  11 rakshasas
  13 naga warriors
  45 vault guards
  6 deep elf high priests
  Harold (D:12)
  14 ice dragons
  11 ironbound thunderhulks
  5 boulder beetles
  A fenstrider witch zombie (Crypt:3)
  A monstrous demonspawn (Depths:3)
  9 hydras
  A hell beast (Depths:1)
  Fannar (D:10)
  3 death knights
  A peacekeeper (Vaults:4)
  8 merfolk aquamancers
  4 merfolk avatars
  20 centaur warriors
  6 ironbound frosthearts
  3 catoblepae (Lair:6)
  3 satyrs
  14 anacondas
  7 tengu warriors
  2 two-headed ogres
  10 deep troll earth magi
  A titan zombie (Zig:10)
  14 hell hogs
  A death yak (shapeshifter) (Depths:1)
  5 deep troll shamans
  3 spriggan berserkers
  9 thrashing horrors
  4 orc high priests
  9 death yaks
  42 dancing weapons
  6 ironbound beastmasters
  11 deep elf knights
  5 hell knights
  8 shock serpents
  11 vampire magi
  10 naga sharpshooters
  A sun demon (Abyss:2)
  2 storm dragon zombies (Zig:8)
  29 skeletal warriors
  7 wretched stars (Abyss:2)
  A titan skeleton (Crypt:3)
  7 salamander mystics
  10 shadow wraiths
  3 anaconda zombies
  7 sixfirhies
  A death drake (Depths:4)
  A gelid demonspawn (Depths:3)
  A goliath frog (shapeshifter) (Depths:4)
  10 iron trolls
  4 golden dragon zombies
  A tengu zombie (Zig:8)
  14 sea snakes
  5 glowing orange brains
  A spatial maelstrom (Abyss:2)
  80 deep trolls
  8 flayed ghosts
  3 shadow demons (Depths:3)
  Pikel (D:4)
  5 naga ritualists
  18 deep elf archers
  30 harpies
  31 starcursed masses
  23 deep elf zephyrmancers
  23 phantasmal warriors
  13 wizards
  A lindwurm (shapeshifter) (Vaults:5)
  An anaconda skeleton (Crypt:3)
  An obsidian statue (Vaults:1)
  6 necromancers
  5 lindwurms
  38 deep elf pyromancers
  21 ironbound convokers
  A fire giant zombie (Crypt:3)
  5 orc knights
  11 fauns
  48 ugly things
  3 mana vipers
  A tengu skeleton (Depths:1)
  7 orc sorcerers (Orc:2)
  4 cyclopes
  20 manticores
  2 shadow dragon skeletons
  4 oklob plants (Lair:6)
  2 stone giant zombies
  21 salamanders
  A sphinx skeleton (Crypt:1)
  A fire giant skeleton (Crypt:2)
  13 elephants
  A will-o-the-wisp (Abyss:2)
  4 worldbinders (Abyss:2)
  16 naga magi
  30 moths of wrath
  6 merfolk sirens
  2 frost giant skeletons
  An iron dragon skeleton (Crypt:3)
  6 guardian serpents
  2 rust devils
  3 apocalypse crabs
  34 black mambas
  3 water nymphs
  14 vault sentinels
  5 orange demons
  16 cane toads
  2 guardian serpents (shapeshifter)
  13 smoke demons
  2 gargoyles (D:12)
  An unseen horror (D:12)
  4 efreet
  An elf zombie (Vaults:2)
  A hellion (Zig:3)
  2 catoblepas zombies
  2 spriggan zombies
  16 yaktaurs
  A dire elephant skeleton (Crypt:3)
  2 kobold demonologists
  5 freezing wraiths
  A yaktaur (shapeshifter) (D:14)
  An iron troll zombie (Crypt:1)
  An elf (Vaults:3)
  3 ice devils (Zig:8)
  6 rime drakes
  A golden dragon simulacrum (Depths:1)
  A tormentor (Depths:4)
  5 hellwings
  2 tengu conjurers
  5 guardian mummies (Crypt:3)
  2 red devils (Abyss:2)
  11 komodo dragons
  5 trolls
  36 merfolk
  5 polar bears
  4 ancient zymes
  4 hornets
  A jumping spider (Vaults:2)
  11 wind drakes
  A human skeleton (Vaults:2)
  14 blink frogs
  22 large abominations
  7 snapping turtles
  An alligator zombie (Abyss:2)
  Grinder (D:5)
  3 dream sheep
  26 slime creatures
  11 raiju
  2 blink frogs (shapeshifter)
  A tyrant leech (shapeshifter) (Depths:5)
  A dream sheep (shapeshifter) (D:13)
  A satyr zombie (Crypt:3)
  20 flying skulls
  A frost giant simulacrum (Depths:1)
  6 redbacks
  An air elemental (Elf:3)
  A fire dragon skeleton (Crypt:3)
  3 shadows
  18 wraiths
  3 vampires (Abyss:2)
  7 wyverns
  A spriggan (shapeshifter) (Elf:1)
  22 water elementals
  4 fire elementals
  77 yaks
  4 ynoxinuls
  A human (Vaults:3)
  A yak (shapeshifter) (Abyss:2)
  A wyvern (shapeshifter) (D:14)
  12 spriggans (Lair:5)
  Grum (Lair:1)
  6 basilisks
  6 chaos spawn
  2 ettin skeletons (Crypt:3)
  A fire bat (Abyss:3)
  3 steam dragons
  A fire bat (shapeshifter) (Abyss:2)
  11 neqoxecs
  6 golden eyes (Abyss:2)
  A vampire mosquito (D:13)
  A minotaur simulacrum (Crypt:3)
  2 wargs
  5 acid dragons
  The ghost of Findor the Firebug, an amateur OpFE (D:4)
  35 nagas
  A hydra simulacrum (Crypt:3)
  5 hell hounds
  19 water moccasins
  A merfolk skeleton (Crypt:3)
  A floating eye (shapeshifter) (Vaults:5)
  A floating eye (Lair:6)
  4 black bears
  51 orc warriors
  A sky beast (D:7)
  An ice beast (Abyss:2)
  A fire dragon simulacrum (Crypt:3)
  4 necrophages
  3 ogres
  2 swamp drakes (Depths:4)
  19 wolves
  11 boggarts
  2 phantoms
  A torpor snail zombie (Crypt:1)
  25 centaurs
  A lindwurm skeleton (Crypt:2)
  19 small abominations
  22 bullfrogs
  6 kobold brigands
  A cyclops zombie (Crypt:2)
  3 elf skeletons
  A wyvern zombie (D:8)
  4 earth elementals
  2 scorpions
  2 snapping turtle simulacra
  10 killer bees
  A manticore simulacrum (Crypt:3)
  A troll zombie (Crypt:3)
  5 electric eels
  A raiju skeleton (Crypt:3)
  11 wights
  2 howler monkeys
  2 crimson imps
  6 centaur zombies
  A demonspawn zombie (Crypt:3)
  A hound (D:6)
  4 quasits
  2 centaur skeletons (D:5)
  A gnoll shaman (D:6)
  23 orc priests
  10 iron imps
  2 jellies (D:6)
  A bullfrog skeleton (D:6)
  2 iguanas
  30 orc wizards
  5 hell rats (Lair:4)
  A sky beast zombie (Crypt:3)
  A human simulacrum (Abyss:3)
  A hound zombie (D:4)
  A hound skeleton (D:4)
  7 mummies
  A howler monkey zombie (Crypt:3)
  6 adders
  A howler monkey skeleton (D:5)
  5 gnolls
  3 river rats
  12 white imps
  6 ufetubi
  An adder skeleton (D:5)
  A worm (D:2)
  4 dart slugs
  94 orcs
  14 ball pythons
  A bat skeleton (Crypt:2)
  8 endoplasms
  3 giant cockroaches
  A gnoll skeleton (Crypt:1)
  A gnoll zombie (Crypt:2)
  8 goblins
  8 hobgoblins
  6 jackals
  5 quokkas
  A quokka (shapeshifter) (Vaults:4)
  5 bats
  2 frilled lizards
  A frilled lizard skeleton (Crypt:3)
  31 kobolds
  32 rats
  A lurking horror (Abyss:2)
  9 starspawn tentacles
2811 creatures vanquished.

Vanquished Creatures (others)
  A lich (Zig:9)
  An eldritch tentacle (Vaults:3)
  A draconian monk (Zot:4)
  A vampire knight (Depths:1)
  2 hell hogs
  A deep elf knight (Elf:2)
  A deep elf pyromancer (Elf:2)
  A necromancer (Crypt:3)
  A rime drake (Depths:4)
  A wind drake (Shoals:4)
  A blink frog (Lair:5)
  2 flying skulls
  A water elemental (Shoals:1)
  A golden eye (Abyss:2)
  A naga (Snake:4)
  A swamp drake (Depths:4)
  A polar bear skeleton (Crypt:2)
  2 small abominations (Abyss:2)
  4 orcs (Bailey)
  2 bushes (Lair:6)
  7 foxfires
  27 fungi
  A lurking horror (Abyss:2)
  109 plants
  27 starspawn tentacles
198 creatures vanquished.

Grand Total: 3009 creatures vanquished

Notes
Turn   | Place    | Note
-------+----------+-------------------------------------------
     0 | D:1      | Findor the Demonspawn Gladiator began the quest for the
                  | Orb.
     0 | D:1      | Reached XP level 1. HP: 16/16 MP: 1/1
   177 | D:1      | Reached skill level 3 in Maces & Flails
   318 | D:1      | Gained mutation: You sometimes gain a little power by
                  | taking damage. [demonic ancestry]
   318 | D:1      | Reached XP level 2. HP: 20/22 MP: 2/2
   845 | D:1      | Reached XP level 3. HP: 27/27 MP: 3/3
  1184 | D:2      | Reached skill level 4 in Maces & Flails
  1837 | D:2      | Found a faded altar of an unknown god.
  2038 | D:3      | Reached skill level 1 in Shields
  2101 | D:3      | Found a hazy altar of Hepliaklqana.
  2210 | D:3      | Gained mutation: A meltable shield of frost defends you.
                  | (SH +4) [demonic ancestry]
  2210 | D:3      | Reached XP level 4. HP: 33/33 MP: 4/4
  2846 | D:4      | Noticed a steam dragon
  2979 | D:4      | Noticed a scorpion
  3141 | D:3      | Killed a scorpion
  3142 | D:3      | Reached skill level 1 in Armour
  3142 | D:3      | Reached XP level 5. HP: 24/39 MP: 5/5
  3602 | D:4      | Noticed Findor's ghost (amateur OpFE)
  3603 | D:4      | Found a runed translucent door.
  3913 | D:5      | Entered Level 5 of the Dungeon
  3916 | D:5      | HP: 3/39 [spore (35)]
  3975 | D:5      | Found a glowing drain.
  4007 | Sewer    | Entered a sewer
  4111 | Sewer    | Gained mutation: A meltable icy envelope protects you from
                  | harm. (AC +8) [demonic ancestry]
  4111 | Sewer    | Reached XP level 6. HP: 46/46 MP: 6/6
  4148 | Sewer    | Reached skill level 3 in Fighting
  4255 | Sewer    | Reached skill level 5 in Maces & Flails
  4825 | D:5      | Gained mutation: You sometimes gain power by taking damage.
                  | [demonic ancestry]
  4825 | D:5      | Reached XP level 7. HP: 52/52 MP: 7/7
  4867 | D:5      | Noticed Grinder
  4869 | D:5      | Paralysed by Grinder for 4 turns
  4889 | D:5      | Killed Grinder
  4890 | D:5      | Reached skill level 3 in Shields
  5053 | D:5      | Reached skill level 3 in Armour
  5135 | D:5      | Reached skill level 6 in Maces & Flails
  5500 | D:6      | Reached XP level 8. HP: 58/61 MP: 8/8
  5939 | D:6      | Found a bloodstained altar of Trog.
  6081 | D:6      | Reached skill level 7 in Maces & Flails
  6539 | D:7      | Found a staircase to the Ecumenical Temple.
  6548 | Temple   | Entered the Ecumenical Temple
  6690 | Temple   | Became a worshipper of Warmaster Okawaru
  6723 | D:7      | Gained mutation: You are powered by pain. [demonic
                  | ancestry]
  6723 | D:7      | Reached XP level 9. HP: 64/68 MP: 9/9
  7279 | D:8      | Reached skill level 8 in Maces & Flails
  7302 | D:8      | Noticed a two-headed ogre
  7386 | D:8      | Found a shimmering altar of Xom.
  7461 | D:8      | Reached skill level 6 in Fighting
  7651 | D:8      | Reached * piety under Okawaru
  8065 | D:8      | Reached skill level 9 in Maces & Flails
  8142 | D:8      | Reached skill level 6 in Armour
  8183 | D:8      | Killed a two-headed ogre
  8183 | D:8      | Reached ** piety under Okawaru
  8184 | D:8      | Reached skill level 10 in Maces & Flails
  8184 | D:8      | Gained mutation: You have sharp fingernails. [demonic
                  | ancestry]
  8184 | D:8      | Reached XP level 10. HP: 66/76 MP: 10/10
  9163 | D:4      | Noticed Pikel
  9180 | D:4      | Killed Pikel
  9320 | D:4      | Killed Findor's ghost
  9321 | D:4      | Reached skill level 11 in Maces & Flails
 10011 | D:9      | Found a staircase to the Orcish Mines.
 10309 | D:9      | Reached *** piety under Okawaru
 10554 | D:9      | Noticed a centaur warrior
 10715 | D:9      | Reached skill level 12 in Maces & Flails
 11009 | D:9      | Reached skill level 3 in Dodging
 11158 | D:9      | Identified the +7 quarterstaff "Giant's Funeral" {flame,
                  | *Rage Fly rF- Str+8}
 11176 | D:9      | Reached **** piety under Okawaru
 11358 | D:10     | Entered Level 10 of the Dungeon
 11499 | D:10     | Found an ornate altar of the Wu Jian Council.
 11610 | D:10     | Gained mutation: You have very sharp fingernails. [demonic
                  | ancestry]
 11610 | D:10     | Reached XP level 11. HP: 83/83 MP: 11/11
 11667 | D:10     | Noticed Fannar
 11687 | D:10     | Killed Fannar
 11687 | D:10     | Reached ***** piety under Okawaru
 11715 | D:10     | Received a gift from Okawaru
 11726 | D:10     | Identified the +1 leather armour of Mole Jub {Will+}
 12357 | D:9      | Killed a centaur warrior
 12596 | D:11     | Noticed Harold
 12938 | D:12     | Noticed a tengu warrior
 12988 | D:12     | Killed a tengu warrior
 13090 | D:11     | Noticed a deep elf pyromancer
 13170 | D:12     | Killed a deep elf pyromancer
 13176 | D:11     | Received a gift from Okawaru
 13177 | D:11     | Reached skill level 13 in Maces & Flails
 13268 | D:12     | Killed Harold
 13313 | D:11     | Found a staircase to the Lair.
 13460 | D:11     | Found an iron altar of Okawaru.
 13549 | D:11     | Reached skill level 1 in Invocations
 13628 | D:11     | Received a gift from Okawaru
 13738 | D:11     | Reached XP level 12. HP: 78/92 MP: 12/12
 13935 | D:12     | Noticed a centaur warrior
 13958 | D:12     | Killed a centaur warrior
 13984 | D:12     | Noticed a five-headed hydra
 14005 | D:12     | Killed a five-headed hydra
 14115 | D:12     | Noticed a two-headed ogre
 14125 | D:12     | Killed a two-headed ogre
 14126 | D:12     | Reached skill level 3 in Invocations
 14252 | D:13     | Noticed a centaur warrior
 14273 | D:13     | Killed a centaur warrior
 14796 | D:12     | Noticed a boulder beetle
 14830 | D:12     | HP: 18/93 [boulder beetle (18)]
 14832 | D:12     | Killed a boulder beetle
 15027 | Lair:1   | Entered Level 1 of the Lair of Beasts
 15027 | Lair:1   | Noticed Grum
 15118 | Lair:1   | Killed Grum
 15263 | Lair:1   | Reached skill level 6 in Shields
 15330 | Lair:1   | Identified the +6 flail of the Butterfly {venom, rC+}
 15348 | Lair:1   | Reached skill level 6 in Dodging
 15863 | Lair:1   | Noticed an eight-headed hydra
 15878 | Lair:1   | Killed an eight-headed hydra
 16077 | Lair:1   | Reached skill level 14 in Maces & Flails
 16194 | Lair:2   | Gained mutation: You are surrounded by a mild repulsion
                  | field. (EV +2) [demonic ancestry]
 16194 | Lair:2   | Reached XP level 13. HP: 99/99 MP: 15/17
 16408 | Lair:2   | Found a staircase to the Shoals.
 16608 | Lair:3   | Found a staircase to the Snake Pit.
 16706 | Lair:3   | Reached ****** piety under Okawaru
 16726 | Lair:3   | Received a gift from Okawaru
 16745 | Lair:3   | Reached skill level 6 in Invocations
 16789 | Lair:3   | Reached skill level 9 in Fighting
 16932 | Lair:3   | Found an iron altar of Okawaru.
 16933 | Lair:3   | Identified the ring "Plog" {rF+ EV+4 Str-5 Stlth+}
 17481 | Lair:4   | Found the +14 obsidian axe {vorpal, Mesm Drain Fly SInv}
 17585 | Lair:4   | Found a basalt altar of Yredelemnul.
 17626 | Lair:4   | Received a gift from Okawaru
 17627 | Lair:4   | Reached skill level 9 in Armour
 18585 | Lair:5   | Found a broken altar of Ashenzari.
 18880 | Lair:5   | Received a gift from Okawaru
 18946 | Lair:5   | Reached XP level 14. HP: 109/109 MP: 20/20
 19347 | Lair:5   | Reached skill level 1 in Evocations
 19685 | Lair:5   | Found a staircase to the Slime Pits.
 19744 | Lair:6   | Entered Level 6 of the Lair of Beasts
 19846 | Lair:6   | Paralysed by a floating eye for 2 turns
 20305 | Lair:6   | Received a gift from Okawaru
 20400 | Lair:6   | Identified the +1 leather armour of Disappointment {Str+4
                  | SInv}
 20542 | Lair:6   | Reached skill level 3 in Evocations
 20738 | Lair:6   | Received a gift from Okawaru
 21938 | Orc:1    | Entered Level 1 of the Orcish Mines
 21940 | Orc:1    | Found a flagged portal.
 21964 | Bailey   | Entered a bailey
 22466 | Bailey   | Identified the +9 bardiche of Action {speed, *Noise rElec
                  | Int+4}
 22622 | D:9      | Gained mutation: You have claws for hands. [demonic
                  | ancestry]
 22622 | D:9      | Reached XP level 15. HP: 117/117 MP: 21/21
 22814 | Orc:1    | Reached skill level 15 in Maces & Flails
 23105 | Orc:2    | Entered Level 2 of the Orcish Mines
 23105 | Orc:2    | Found Haqistru's Jewellery Emporium.
 23345 | Orc:1    | Noticed an orc warlord
 23433 | Orc:2    | Found Jyhotsed's Armour Boutique.
 23597 | Orc:2    | Identified the +0 pair of boots of Reason {rElec rF- Str+4}
                  | (Okawaru gifted it to you on level 2 of the Orcish Mines)
 23597 | Orc:2    | Received a gift from Okawaru
 23692 | Orc:2    | Reached skill level 9 in Dodging
 23692 | Orc:2    | Reached skill level 9 in Shields
 23782 | Orc:2    | Noticed an orc warlord
 23838 | Orc:2    | Killed an orc warlord
 24213 | Orc:2    | Found Yggajiqu's General Store.
 24224 | Orc:2    | Bought a scroll of acquirement for 832 gold pieces
 24224 | Orc:2    | Bought a scroll of identify for 32 gold pieces
 24224 | Orc:2    | Bought a scroll of identify for 32 gold pieces
 24224 | Orc:2    | Bought a scroll of fear for 56 gold pieces
 24226 | Orc:2    | Acquired the +2 cloak of the Forest {Str+5 Int+3}
 24253 | Orc:2    | Found Boemotu's Weapon Shop.
 24526 | Orc:2    | Found a staircase to the Elven Halls.
 24553 | Orc:2    | Found Jishrutseu's General Store.
 24554 | Orc:2    | Found Ikergh's Book Boutique.
 24556 | Orc:2    | Found Voavved's Antique Armour Boutique.
 24556 | Orc:2    | Found Fouck's Antique Weapon Shop.
 24751 | Orc:2    | Killed an orc warlord
 24827 | Orc:1    | Found Ulebow's Magic Scroll Shop.
 24836 | Orc:1    | Bought a scroll of identify for 24 gold pieces
 24836 | Orc:1    | Bought a scroll of identify for 24 gold pieces
 24836 | Orc:1    | Bought a scroll of magic mapping for 42 gold pieces
 24836 | Orc:1    | Bought a scroll of acquirement for 624 gold pieces
 24836 | Orc:1    | Acquired 589 gold pieces
 24838 | Orc:1    | Bought a scroll of acquirement for 624 gold pieces
 24838 | Orc:1    | Acquired 761 gold pieces
 24840 | Orc:1    | Bought a scroll of teleportation for 36 gold pieces
 24900 | Orc:2    | Bought a ring of willpower for 375 gold pieces
 25904 | D:13     | Received a gift from Okawaru
 25921 | D:13     | Cast into level 2 of the Abyss (a wizard)
 25936 | Abyss:2  | Paralysed by accursed screaming for 1 turns
 25944 | Abyss:2  | Paralysed by accursed screaming for 1 turns
 26144 | Abyss:2  | Reached skill level 6 in Evocations
 26180 | Abyss:2  | Noticed a tentacled starspawn
 26222 | Abyss:2  | Noticed a tentacled starspawn
 26235 | Abyss:2  | Killed a tentacled starspawn
 26251 | Abyss:2  | Noticed a tentacled starspawn
 26263 | Abyss:2  | Killed a tentacled starspawn
 26265 | Abyss:2  | Identified the +0 robe of Mirth {-Cast rC+++ rCorr Str+4}
                  | (Okawaru gifted it to you on level 2 of the Abyss)
 26265 | Abyss:2  | Received a gift from Okawaru
 26282 | Abyss:2  | Paralysed by accursed screaming for 1 turns
 26447 | Abyss:2  | Noticed a tentacled starspawn
 26455 | Abyss:2  | Killed a tentacled starspawn
 26458 | D:13     | Escaped the Abyss
 26465 | D:13     | Reached XP level 16. HP: 127/127 MP: 15/22
 26941 | D:13     | Reached skill level 12 in Armour
 27285 | D:14     | Found a gate to the Vaults.
 27330 | D:14     | Reached skill level 12 in Fighting
 27800 | Snake:1  | Entered Level 1 of the Snake Pit
 27817 | Snake:1  | Noticed Frances
 27843 | Snake:1  | Killed Frances
 28068 | Snake:1  | Identified the +6 short sword "Yteynis" {venom, rPois
                  | Int+4}
 29055 | Snake:2  | HP: 25/127 [constriction (1)]
 29717 | Snake:2  | Received a gift from Okawaru
 29744 | Snake:2  | Reached XP level 17. HP: 89/135 MP: 17/23
 29930 | Snake:2  | Noticed Aizul
 29956 | Snake:2  | Killed Aizul
 29957 | Snake:2  | Reached skill level 16 in Maces & Flails
 30266 | Shoals:1 | Entered Level 1 of the Shoals
 30651 | Shoals:1 | Noticed Roxanne
 30844 | Shoals:1 | Noticed Josephine
 30861 | Shoals:1 | Killed Josephine
 32046 | Shoals:2 | Found Kekih's Antique Armour Boutique.
 32786 | Shoals:3 | HP: 24/137 [merfolk impaler (4)]
 33376 | Shoals:3 | Upgraded the game from 0.27.1-15-g792fb953b9 to
                  | 0.27.1-16-g815e20cd7a
 34037 | Shoals:3 | HP: 25/138 [satyr/arrow (19)]
 34259 | Lair:2   | Upgraded the game from 0.27.1-16-g815e20cd7a to
                  | 0.27.1-33-g824d729ab1
 34649 | Shoals:4 | Entered Level 4 of the Shoals
 35399 | Shoals:4 | Gained mutation: You are surrounded by a moderate repulsion
                  | field. (EV +3) [demonic ancestry]
 35399 | Shoals:4 | Reached XP level 18. HP: 140/146 MP: 22/24
 35721 | Shoals:4 | Got a barnacled rune of Zot
 35931 | Shoals:4 | Received a gift from Okawaru
 36174 | Shoals:4 | Reached skill level 15 in Armour
 36849 | Snake:3  | Reached skill level 12 in Shields
 36972 | Snake:3  | Found Titapaf's Weapon Emporium.
 36978 | Snake:3  | Reached skill level 12 in Dodging
 37231 | Snake:3  | Found Wuceetiu's Antique Armour Boutique.
 37298 | Snake:3  | Identified the +2 falchion of Zouth {freeze, rElec Str+4}
 37772 | Snake:4  | Entered Level 4 of the Snake Pit
 37806 | Snake:4  | Reached skill level 15 in Fighting
 38382 | Snake:4  | HP: 28/149 [shock serpent/electric aura (16)]
 38383 | Snake:4  | Received a gift from Okawaru
 39179 | Snake:4  | Found Kycwaschi's Antique Weapon Emporium.
 39533 | Snake:4  | Got a serpentine rune of Zot
 40046 | Elf:1    | Entered Level 1 of the Elven Halls
 40129 | Elf:1    | Reached XP level 19. HP: 143/155 MP: 25/25
 40376 | Elf:1    | Received a gift from Okawaru
 40563 | Elf:1    | Found Viykhauf's Assorted Antiques.
 40585 | Elf:1    | Bought a pair of runed boots for 187 gold pieces
 40751 | Elf:1    | Reached skill level 15 in Shields
 41208 | Elf:2    | Found a runed translucent gate.
 41208 | Elf:2    | Found a runed translucent gate.
 41208 | Elf:2    | Found a runed translucent gate.
 42915 | Elf:2    | Noticed Saint Roka
 43686 | Elf:2    | Killed Saint Roka
 43980 | Elf:2    | Found Tivedaij's Armour Boutique.
 44420 | Elf:1    | Found a radiant altar of Vehumet.
 44737 | Shoals:2 | Bought the +18 shield of the Gong {rElec rN+ Will+ EV-5}
                  | for 2043 gold pieces
 44737 | Shoals:2 | Found the +18 shield of the Gong {rElec rN+ Will+ EV-5}
 44978 | Elf:3    | Entered Level 3 of the Elven Halls
 45024 | Elf:3    | Received a gift from Okawaru
 45024 | Elf:3    | Found Uprearph's Magic Scroll Emporium.
 45030 | Elf:3    | Reached skill level 17 in Maces & Flails
 45062 | Elf:3    | Reached XP level 20. HP: 157/164 MP: 26/26
 45196 | Elf:3    | Identified the +9 falchion "Jisewuus" {drain, +Blink}
 45451 | Elf:3    | Paralysed by an air elemental for 1 turns
 45641 | Elf:3    | Received a gift from Okawaru
 45681 | Elf:2    | HP: 32/164 [poisoned by a deep elf annihilator (poison
                  | arrow)]
 45686 | Elf:2    | HP: 26/164 [poisoned by a deep elf annihilator (poison
                  | arrow)]
 46198 | Elf:3    | Identified the +3 short sword "Sekickea" {holy, Will++}
 46576 | Elf:3    | Received a gift from Okawaru
 46586 | Elf:3    | Identified the +4 broad axe of Eshuasm {flame, rC- rN+
                  | Int+2 SInv}
 46604 | Elf:3    | HP: 13/164 [deep elf annihilator/crystal spear (66)]
 47277 | Elf:3    | Got A Primer on Spellcraft
 47281 | Elf:3    | Got the Catalogue of Enthralling Unholy Rituals
 47294 | Elf:3    | Got Sif Muna's Grimoire of Glacial Clay
 47297 | Elf:3    | Got the Reference Book on Burning Enchantment
 47318 | Elf:3    | Identified the amulet "Jefyzy" {Reflect rElec rN+ Str-4
                  | SH+5}
 47768 | Vaults:1 | Entered Level 1 of the Vaults
 48072 | Vaults:1 | Received a gift from Okawaru
 48175 | Vaults:1 | Received a gift from Okawaru
 48650 | Vaults:1 | Reached skill level 18 in Maces & Flails
 48700 | Vaults:1 | Reached skill level 9 in Evocations
 48806 | Vaults:1 | Gained mutation: Your presence sometimes corrodes those you
                  | injure. [demonic ancestry]
 48806 | Vaults:1 | Reached XP level 21. HP: 116/172 MP: 27/27
 48827 | Vaults:1 | Received a gift from Okawaru
 49054 | Vaults:1 | Reached skill level 3 in Throwing
 50658 | Vaults:2 | Found Fyminudo's Assorted Antiques.
 51313 | Vaults:3 | Found Raweleor's Antique Armour Shoppe.
 51412 | Vaults:3 | Found Wuhiu's Antique Weapon Boutique.
 51930 | Vaults:3 | Found a runed translucent gate.
 51930 | Vaults:3 | Found a runed translucent gate.
 51930 | Vaults:3 | Found a runed translucent gate.
 51931 | Vaults:3 | Noticed Botiu's ghost (veteran GrFi)
 52056 | Vaults:3 | Received a gift from Okawaru
 52156 | Vaults:3 | Received a gift from Okawaru
 52331 | Vaults:3 | Found Ijumadae's Weapon Shoppe.
 52441 | Vaults:3 | Found Kuji's Antique Armour Shop.
 52770 | Vaults:3 | Found a staircase to the Crypt.
 53116 | Vaults:3 | Killed Botiu's ghost
 53135 | Vaults:3 | Identified the +0 cloak "Coror" {Will- Str+6 Int-3 Dex+8}
 53446 | Vaults:4 | Identified the +6 flail "Apatomygri" {venom, *Corrode rPois
                  | Str+3} (Okawaru gifted it to you on level 4 of the Vaults)
 53446 | Vaults:4 | Received a gift from Okawaru
 53496 | Vaults:4 | Gained mutation: A meltable icy envelope protects you from
                  | harm. (AC +8) [demonic ancestry]
 53496 | Vaults:4 | Reached XP level 22. HP: 180/180 MP: 28/28
 53583 | Vaults:4 | Reached skill level 19 in Maces & Flails
 54123 | Vaults:4 | Received a gift from Okawaru
 54551 | Vaults:4 | Noticed a dread lich
 54555 | Vaults:4 | Noticed a golden dragon
 54933 | Vaults:4 | Identified the ring "Keanigoh" {MP+9 Str+8}
 55736 | D:15     | Entered Level 15 of the Dungeon
 55969 | D:15     | Found a staircase to the Depths.
 56172 | D:15     | Received a gift from Okawaru
 56384 | Depths:1 | Entered Level 1 of the Depths
 56785 | Depths:1 | Received a gift from Okawaru
 56826 | Depths:1 | HP: 1/182 [ice dragon/blast of cold (42)]
 57313 | Depths:1 | Gained mutation: Your presence sometimes corrodes or
                  | deforms those you injure. [demonic ancestry]
 57313 | Depths:1 | Reached XP level 23. HP: 188/188 MP: 29/29
 57339 | Depths:1 | Reached skill level 15 in Dodging
 57366 | Depths:1 | Noticed Asterion
 57378 | Depths:1 | Killed Asterion
 57599 | Depths:1 | Found a gateway to Hell.
 57611 | Depths:1 | Received a gift from Okawaru
 57860 | Depths:1 | Reached skill level 20 in Maces & Flails
 59212 | Depths:2 | Noticed a caustic shrike
 59225 | Depths:1 | Killed a caustic shrike
 59492 | Crypt:1  | Entered Level 1 of the Crypt
 59537 | Crypt:1  | Reached skill level 12 in Evocations
 60151 | Crypt:1  | Reached skill level 18 in Fighting
 60559 | Crypt:1  | Identified the ring of Egres {+Blink rF- Will+ Str+7}
 60986 | Crypt:2  | Noticed Margery
 60987 | Crypt:2  | Noticed Xtahua
 61093 | Crypt:2  | Killed Margery
 61117 | Crypt:2  | Killed Xtahua
 61520 | Crypt:2  | Acquired 1072 gold pieces
 61704 | Crypt:3  | Entered Level 3 of the Crypt
 61722 | Crypt:2  | Identified the +5 ring mail "Qujof" {*Slow rCorr Int+4
                  | Slay+2} (Okawaru gifted it to you on level 2 of the Crypt)
 61722 | Crypt:2  | Received a gift from Okawaru
 62303 | Crypt:3  | Reached skill level 18 in Armour
 62777 | Crypt:2  | Gained mutation: You can speak a Word of Chaos. [demonic
                  | ancestry]
 62777 | Crypt:2  | Reached XP level 24. HP: 153/199 MP: 29/29
 63228 | Crypt:3  | Reached skill level 21 in Maces & Flails
 63331 | Crypt:3  | Noticed a dread lich
 63411 | Crypt:3  | Found a staircase to the Tomb.
 63943 | Vaults:5 | Entered Level 5 of the Vaults
 63947 | Vaults:5 | Noticed a dread lich
 64454 | Vaults:5 | Received a gift from Okawaru
 64464 | Vaults:5 | Identified the +0 plate armour of Old and Reckless {rPois
                  | Str+2 Int-2}
 64494 | Vaults:5 | Identified the ring "Kocicyrph" {Fly rPois rC+}
 64551 | Vaults:5 | Identified the +10 dagger of Tomorrow {holy, +Blink Str-3
                  | Stlth+}
 64600 | Vaults:5 | Killed a dread lich
 64719 | Vaults:5 | Noticed Bai Suzhen
 64726 | Vaults:5 | Identified the +10 eveningstar of Relativism {flame, *Rage
                  | +Blink rElec Stlth-} (Okawaru gifted it to you on level 5
                  | of the Vaults)
 64726 | Vaults:5 | Received a gift from Okawaru
 64734 | Vaults:5 | Killed Bai Suzhen
 65209 | Vaults:5 | Noticed a dread lich
 65218 | Vaults:5 | Killed a dread lich
 65260 | Vaults:5 | Identified the +8 scale mail of the Fisher {Contam rC+
                  | Str+2 Int+4}
 65372 | Vaults:5 | Noticed a dread lich
 65372 | Vaults:5 | Identified the ring "Duseobb" {rPois Str+4}
 65374 | Vaults:5 | Noticed Jory
 65659 | Vaults:5 | Reached XP level 25. HP: 184/207 MP: 29/29
 65756 | Vaults:5 | Identified the +1 leather armour of Feur {rF+ rCorr Str+5}
 66015 | Vaults:5 | Reached skill level 22 in Maces & Flails
 66118 | Vaults:5 | Killed Jory
 66139 | Vaults:5 | Killed a dread lich
 66435 | Vaults:5 | Got a silver rune of Zot
 66774 | Vaults:5 | Identified the +2 flail of Discord {flame, Fly rN+ Str+3
                  | Dex-5}
 66910 | Vaults:3 | Bought an encrusted crystal plate armour for 3145 gold
                  | pieces
 66910 | Vaults:3 | Identified the +11 crystal plate armour of Plog {Regen+
                  | Str+2} (You bought it in a shop on level 3 of the Vaults)
 67162 | Depths:2 | Noticed Sojobo
 67200 | Depths:1 | Paralysed by an air elemental for 1 turns
 67204 | Depths:1 | Killed Sojobo
 67357 | Depths:1 | Received a gift from Okawaru
 67483 | Depths:2 | Identified the +8 chain mail of Tortured Mirth {rElec Will+
                  | Str+4} (Okawaru gifted it to you on level 2 of the Depths)
 67483 | Depths:2 | Received a gift from Okawaru
 68504 | Depths:3 | Found a broken altar of Ashenzari.
 68786 | Depths:3 | Found the +2 cloak of the Thief {*Fog Slay-2 SInv Stlth+}
 68828 | Depths:3 | Found a shadowy altar of Dithmenos.
 68947 | Depths:3 | Found a one-way gate leading to the halls of Pandemonium.
 68948 | Depths:3 | Found an ancient bone altar of Kikubaaqudgha.
 68958 | Depths:3 | Found Possied's One-of-a-Kind Books.
 69404 | Depths:3 | Gained mutation: You are surrounded by a strong repulsion
                  | field. (EV +4, RMsl) [demonic ancestry]
 69404 | Depths:3 | Reached XP level 26. HP: 174/217 MP: 29/29
 69470 | Depths:4 | Reached skill level 23 in Maces & Flails
 69680 | Depths:4 | Found a bloodstained altar of Trog.
 69730 | Depths:4 | Identified the +6 falchion "Hydrabane" {chaos, *Noise rElec
                  | rPois Int-4}
 70001 | Depths:5 | Entered Level 5 of the Depths
 70004 | Depths:5 | Noticed Mennas
 70173 | Depths:4 | Found a corrupted altar of Lugonu.
 70174 | Depths:4 | Found a one-way gate to the infinite horrors of the Abyss.
 70391 | Depths:4 | Identified the amulet of the Distant Future {*Slow rC++
                  | rN+++ Regen+ Str-2}
 70421 | Depths:4 | Got the Collected Works on Poisoning and the Mountains
 70676 | Depths:5 | Received a gift from Okawaru
 70700 | Depths:5 | Killed Mennas
 70895 | Depths:5 | Found a gate to the Realm of Zot.
 71301 | Depths:5 | Found a gateway to a ziggurat.
 71429 | Depths:5 | Found a hide-covered altar of Uskayaw.
 71743 | Orc:1    | Bought a scroll of brand weapon for 240 gold pieces
 71917 | Elf:1    | Bought a scroll of brand weapon for 500 gold pieces
 71917 | Elf:1    | Acquired 745 gold pieces
 72262 | Zot:1    | Entered Level 1 of the Realm of Zot
 72945 | Zot:1    | Reached skill level 18 in Dodging
 73541 | Zot:2    | Received a gift from Okawaru
 73566 | Zot:2    | Received a gift from Okawaru
 73598 | Zot:2    | Received a gift from Okawaru
 73952 | Zot:2    | HP: 44/220 [constriction (3)]
 73958 | Zot:2    | HP: 35/220 [golden dragon (7)]
 74441 | Zot:2    | Reached XP level 27. HP: 217/226 MP: 29/29
 74568 | Zot:2    | Reached skill level 24 in Maces & Flails
 74698 | Zot:2    | Identified the +0 robe "Piogye" {Int+9 Dex+4}
 75967 | Zot:3    | Noticed an orb of fire
 75988 | Zot:3    | Gained mutation: Potions are less effective at restoring
                  | your health. [an orb of fire]
 75995 | Zot:3    | Killed an orb of fire
 76192 | Zot:3    | Identified the +4 demon whip of Punishment {pain, rElec
                  | rPois rF+ Int+3} (Okawaru gifted it to you on level 3 of
                  | the Realm of Zot)
 76192 | Zot:3    | Received a gift from Okawaru
 76349 | Zot:2    | Reached skill level 21 in Fighting
 76349 | Zot:2    | Gained mutation: You possess an exceptional clarity of
                  | mind. [potion of mutation]
 77166 | Zot:3    | Noticed an electric golem
 77210 | Zot:3    | Killed an electric golem
 77594 | Zot:3    | Noticed an electric golem
 77624 | Zot:3    | HP: 13/228 [purple draconian/bolt of dispelling energy
                  | (37)]
 78933 | Zot:3    | Killed an electric golem
 79019 | Zot:3    | Received a gift from Okawaru
 79528 | Zot:4    | Received a gift from Okawaru
 79765 | Zot:4    | Identified the +10 chain mail of the Harvest {Rampage
                  | Dex+7} (Okawaru gifted it to you on level 4 of the Realm of
                  | Zot)
 79765 | Zot:4    | Received a gift from Okawaru
 79766 | Zot:4    | Reached skill level 25 in Maces & Flails
 80444 | Zot:5    | Entered Level 5 of the Realm of Zot
 81196 | Zot:5    | Noticed an electric golem
 81243 | Zot:4    | Killed an electric golem
 81716 | Zot:5    | Noticed a juggernaut
 81716 | Zot:5    | a Killer Klown changed into a juggernaut
 81732 | Zot:4    | Killed a juggernaut
 81733 | Zot:4    | Reached skill level 21 in Armour
 81777 | Zot:5    | Noticed a dread lich
 81779 | Zot:5    | Noticed an orb of fire
 81782 | Zot:5    | Noticed an orb of fire
 81782 | Zot:5    | Noticed an orb of fire
 81786 | Zot:5    | Noticed an ancient lich
 82070 | Zot:5    | Gained mutation: You are dopey. (Int -2) [an orb of fire]
 82072 | Zot:5    | Gained mutation: Armour fits poorly on your strangely
                  | shaped body. [an orb of fire]
 82074 | Zot:4    | Lost mutation: You possess an exceptional clarity of mind.
                  | [potion of mutation]
 82074 | Zot:4    | Lost mutation: Armour fits poorly on your strangely shaped
                  | body. [potion of mutation]
 82074 | Zot:4    | Gained mutation: You expend magic power (3 MP) to
                  | strengthen your wands. [potion of mutation]
 82074 | Zot:4    | Gained mutation: You have a pair of small horns on your
                  | head. [potion of mutation]
 82118 | Zot:5    | Gained mutation: You are clumsy. (Dex -2) [an orb of fire]
 82127 | Zot:4    | Killed an orb of fire
 82129 | Zot:5    | Gained mutation: You are weak. (Str -2) [an orb of fire]
 82184 | Zot:5    | Gained mutation: You are very clumsy. (Dex -4) [an orb of
                  | fire]
 82186 | Zot:4    | Gained mutation: You sometimes lose the ability to read
                  | scrolls when taking damage. [an orb of fire]
 82198 | Zot:4    | Killed an orb of fire
 82217 | Zot:4    | Killed an orb of fire
 82398 | Zot:4    | Lost mutation: You expend magic power (3 MP) to strengthen
                  | your wands. [potion of mutation]
 82398 | Zot:4    | Lost mutation: You sometimes lose the ability to read
                  | scrolls when taking damage. [potion of mutation]
 82398 | Zot:4    | Lost mutation: You are weak. (Str -2) [potion of mutation]
 82398 | Zot:4    | Gained mutation: You are partially covered in large bone
                  | plates. (SH +4) [potion of mutation]
 82398 | Zot:4    | Gained mutation: You sometimes lose the ability to read
                  | scrolls when taking damage. [potion of mutation]
 82398 | Zot:4    | Lost mutation: You are very clumsy. (Dex -4) [potion of
                  | mutation]
 82399 | Zot:4    | Lost mutation: You are clumsy. (Dex -2) [potion of
                  | mutation]
 82399 | Zot:4    | Lost mutation: Potions are less effective at restoring your
                  | health. [potion of mutation]
 82399 | Zot:4    | Lost mutation: You are dopey. (Int -2) [potion of mutation]
 82399 | Zot:4    | Gained mutation: You have a beak for a mouth. [potion of
                  | mutation]
 82399 | Zot:4    | Gained mutation: Your body sometimes deteriorates upon
                  | taking damage. [potion of mutation]
 82399 | Zot:4    | Gained mutation: Your mind is acute. (Int +2) [potion of
                  | mutation]
 82400 | Zot:4    | Lost mutation: You have a pair of small horns on your head.
                  | [potion of mutation]
 82400 | Zot:4    | Lost mutation: Your mind is acute. (Int +2) [potion of
                  | mutation]
 82400 | Zot:4    | Gained mutation: You passively map a small area around you.
                  | [potion of mutation]
 82448 | Zot:5    | Killed an ancient lich
 82475 | Zot:5    | Noticed an electric golem
 82485 | Zot:5    | Killed an electric golem
 82553 | Zot:5    | Killed a dread lich
 82960 | Zot:5    | Received a gift from Okawaru
 83336 | Zot:5    | Received a gift from Okawaru
 83337 | Zot:5    | Reached skill level 26 in Maces & Flails
 84318 | Zig:1    | Entered Level 1 of a ziggurat
 84339 | Zig:2    | Entered Level 2 of a ziggurat
 84340 | Zig:2    | Noticed Xuintush the pandemonium lord
 84353 | Zig:2    | Killed Xuintush the pandemonium lord
 84412 | Zig:3    | Entered Level 3 of a ziggurat
 84461 | Zig:4    | Entered Level 4 of a ziggurat
 84515 | Zig:4    | Identified the +8 chain mail of Indomitability {+Blink}
 84527 | Zig:5    | Entered Level 5 of a ziggurat
 84575 | Zig:5    | Identified the +2 longbow "Kuahopn" {venom, Drain rN++ MP+9
                  | Stlth+}
 84576 | Zig:5    | Identified the +8 shortbow of Ivelisuu {flame, rC+ Will+}
 84580 | Zig:6    | Entered Level 6 of a ziggurat
 84735 | Zig:6    | Got Anoo's Grimoire of Doomed Flight
 84747 | Zig:7    | Entered Level 7 of a ziggurat
 84754 | Zig:7    | Noticed an ancient lich
 84775 | Zig:7    | Killed an ancient lich
 85134 | Zig:8    | Entered Level 8 of a ziggurat
 85232 | Zig:9    | Entered Level 9 of a ziggurat
 85240 | Zig:9    | Noticed an ancient lich
 85240 | Zig:9    | Noticed a dread lich
 85255 | Zig:9    | Killed an ancient lich
 85255 | Zig:9    | Received a gift from Okawaru
 85263 | Zig:9    | Killed a dread lich
 85593 | Zig:9    | Identified the +10 great sword "Beastslayer" {vorpal, Str+4
                  | Int-4 SInv}
 85597 | Zig:10   | Entered Level 10 of a ziggurat
 85910 | Zig:10   | Got the Grimoire of the Shifting Glacier
 85940 | Zig:10   | Lost mutation: Your body sometimes deteriorates upon taking
                  | damage. [potion of mutation]
 85940 | Zig:10   | Lost mutation: You sometimes lose the ability to read
                  | scrolls when taking damage. [potion of mutation]
 85940 | Zig:10   | Lost mutation: You passively map a small area around you.
                  | [potion of mutation]
 85940 | Zig:10   | Gained mutation: You have large cloven feet. [potion of
                  | mutation]
 86040 | Depths:4 | Voluntarily entered the Abyss.
 86132 | Abyss:1  | Paralysed by accursed screaming for 1 turns
 86205 | Abyss:2  | Found a corrupted altar of Lugonu.
 86380 | Abyss:2  | Identified the +7 plate armour "Omept" {rC++ Stlth-}
 86496 | Abyss:2  | Identified the +1 crystal plate armour of the Unseen Realm
                  | {-Tele rN+++ Will+} (Okawaru gifted it to you on level 2 of
                  | the Abyss)
 86496 | Abyss:2  | Received a gift from Okawaru
 87516 | Abyss:2  | Gained mutation: You are clumsy. (Dex -2) [a neqoxec]
 87984 | Abyss:2  | Gained mutation: Your magical capacity is low. (-10% MP) [a
                  | neqoxec]
 87987 | Abyss:2  | Gained mutation: You tend to lose your temper in combat. [a
                  | neqoxec]
 88036 | Abyss:2  | Lost mutation: Your magical capacity is low. (-10% MP)
                  | [potion of mutation]
 88036 | Abyss:2  | Lost mutation: You tend to lose your temper in combat.
                  | [potion of mutation]
 88036 | Abyss:2  | Lost mutation: You are partially covered in large bone
                  | plates. (SH +4) [potion of mutation]
 88036 | Abyss:2  | Gained mutation: Your flesh is heat resistant. (rF+)
                  | [potion of mutation]
 88086 | Abyss:2  | Paralysed by accursed screaming for 1 turns
 88101 | Abyss:2  | Reached skill level 27 in Maces & Flails
 88701 | Abyss:3  | Identified the +3 dire flail of Accord {flame, rPois}
                  | (Okawaru gifted it to you on level 3 of the Abyss)
 88701 | Abyss:3  | Received a gift from Okawaru
 88716 | Abyss:3  | Got an abyssal rune of Zot
 88798 | Depths:4 | Escaped the Abyss
 89292 | Zot:5    | Got the Orb of Zot
 89322 | Zot:5    | Noticed Plog the pandemonium lord
 89537 | Depths:4 | Noticed Lodo the pandemonium lord
 89546 | Depths:4 | Killed Lodo the pandemonium lord
 89951 | D:5      | Gained mutation: Your muscles are strong. (Str +2) [a
                  | cacodemon]
 89983 | D:5      | Reached skill level 21 in Dodging
 90147 | D:$      | Escaped with the Orb!

Levels and vault maps discovered:
D:1:      dpeg_arrival_rooms_c, layout_loops_ring, minmay_octomino_j4
D:2:      layout_loops_ring, hellmonk_ecumenical_altar_prayer_group
D:3:      layout_basic, lemuel_doored_altar
D:4:      layout_loops_cross, hellmonk_ghost_happy_afterlife,
          corexii_checkpoint_a, minmay_cupped, uniq_pikel
D:5:      layout_basic, portal_sewer_entry_b, uniq_grinder
D:6:      layout_cave_pools, nicolae_elyvilon_peaceful_grove, kennysheep_mini
D:7:      layout_basic, minmay_temple_entry_wispy
D:8:      minmay_goldmine, layout_gridville, mainiacjoe_overflow_catwalk,
          tso_oasis_becter, serial_bayou_pond_e
D:9:      layout_stronghold, orc_0_dummy, kennysheep_island_fort
D:10:     layout_irregular_city, pdpol_wu_jian_five_deadly_venoms, uniq_fannar
D:11:     layout_cave_pools, minmay_lair_entry_grove, okawaru_metal_pillars_1_2,
          uniq_harold
D:12:     layout_basic
D:13:     minmay_expanding_squares, layout_loops_corners
D:14:     layout_cave_pools, erik_vaults_2, minmay_misc_feat_rugged
D:15:     grunt_enter_depths_giant_problem, layout_rooms,
          minmay_misc_feat_columns
Temple:   nicolae_temple_elliptical
Lair:1:   layout_regular_city, serial_bayou_shore_a, grunt_megastairs_5,
          uniq_grum
Lair:2:   layout_gridlike, minmay_shoals_entry_centaurs, serial_bayou_shore_b
Lair:3:   layout_roguey, dummy_snake_entry, lemuel_oklob_altar
Lair:4:   layout_concentric_octagons, basic_altar, infiniplex_staircase_pool_2,
          lemuel_fruit_tree
Lair:5:   kb_forest_paths, layout_regular_city, dpeg_slime_entry_corner,
          lemuel_centaur_altar
Lair:6:   evilmike_catoblepas_cave, layout_regular_city, disabler_island,
          minmay_lair_oklob_chamber
Shoals:1: layout_shoals, uniq_josephine, uniq_roxanne
Shoals:2: layout_shoals, serial_shops, nicolae_shop_window_shopping
Shoals:3: layout_shoals
Shoals:4: shoals_end_grunt_ice, layout_shoals, nicolae_shoals_water_booths
Snake:1:  layout_misc_corridors, hangedman_snake_wide_pillar_pass,
          nicolae_snake_snake_lake, serial_bayou_shore_b, uniq_frances
Snake:2:  layout_basic, uniq_aizul
Snake:3:  layout_layer_cave, serial_shops, nicolae_lakefront_shop, shop,
          special_room
Snake:4:  johnstein_snake_rune_scales, layout_chambers, serial_shops,
          nicolae_shop_trees
Orc:1:    layout_caves, serial_shops, shop, enter_bailey_5
Orc:2:    st_orc_congregation, layout_caves, serial_shops, nicolae_square_shop,
          nicolae_shop_statue_plus, shop_fountains, shop_fountains
Elf:1:    elf_arrival_001, layout_gridlike, serial_shops, shop,
          hangedman_corner_corridor, lemuel_upstairs_altar
Elf:2:    nicolae_elf_blades_crystal_corner, layout_geoelf_octagon,
          serial_shops, shop, minmay_fountain_box, uniq_saint_roka
Elf:3:    minmay_elf_hall_furrowed, layout_gridlike, serial_shops,
          nicolae_shop_statue_plus, minmay_checkered_concentric_circles
Vaults:1: ontoclasm_vaults_ligature, nicolae_vaults_statue_guard,
          hangedman_vaults_stretched_pinwheel, ontoclasm_vaults_fault,
          vaults_room_grunt_arrival_ludios, nicolae_vaults_rhombus_6,
          hangedman_vaults_maws, hangedman_vaults_trim,
          layout_vaults_chaotic_city
Vaults:2: v_misc_8, nicolae_vaults_twisting_passages,
          nicolae_vaults_little_squares_1, vaults_dpeg_diagonal, v_misc_25,
          grunt_vaults_bifocal, vaults_mumra_hex, v_misc_33,
          layout_vaults_quadrants, serial_shops, shop
Vaults:3: gammafunk_vaults_ghost_tricky_traps, vaults_room_pool,
          ontoclasm_vaults_shuriken, nicolae_vaults_holding_cells,
          ontoclasm_vaults_bender, ontoclasm_vaults_ring_large,
          vaults_room_pools, v_misc_18, nicolae_vaults_border_crossing,
          v_misc_18, minmay_crypt_entry_nasty_monster, layout_vaults_ring,
          serial_shops, shop, shop, nicolae_shop_crystal,
          nicolae_shop_statue_plus
Vaults:4: vaults_room_corners, vaults_room_corners, vaults_mumra_minichess,
          v_misc_10, hangedman_vaults_snaps, vaults_room_large_hall,
          hangedman_vaults_nodes, v_misc_17, vaults_room_large_hall,
          nicolae_vaults_halls_meeting, vaults_dpeg_ring,
          nicolae_vaults_gold_heap, nicolae_vaults_specimen_jars,
          layout_vaults_omnibox
Vaults:5: uniq_jory, uniq_bai_suzhen
Crypt:1:  layout_misc_corridors, eino_tiny_chamber, grunt_crypt_arrival_split,
          grunt_megastairs_2
Crypt:2:  layout_rooms, uniq_xtahua, uniq_margery
Crypt:3:  david_glass_crypt, layout_gridlike, nicolae_tomb_entry_grand_gallery,
          mu_enter_wizlab_1, minmay_misc_feat_five
Depths:1: grunt_x_marks_the_spot, layout_gridlike, minmay_strange_pillars,
          grunt_hell_horde, kennysheep_generic_room_6, uniq_asterion
Depths:2: minmay_the_grid_octo_triangle [minmay_the_grid_octo_focus,
          minmay_the_grid_octo_prize_single_spiral,
          minmay_the_grid_octo_odd_swirl], layout_honeycomb,
          grunt_hell_entry_dis_grunt, uniq_sojobo
Depths:3: regret_index_dithmenos_brocken_genspenst, layout_cross,
          nicolae_kikubaaqudgha_miasma_corner, hell_entry, pan_entry,
          moated_statue, nicolae_rare_books, cheibrodos_ashenzari_chains
Depths:4: gold_lair_mu, layout_basic, abyss_entry_flame_altar,
          minmay_misc_feat_rows, hell_entry, tgw_trog,
          infiniplex_staircase_hallway_doors, firewood_loft
Depths:5: grunt_zot_entry_funnels, layout_cave_pools, enter_ziggurat_c,
          nicolae_uskayaw_dance_hall, hell_entry, grunt_ministairs_6,
          uniq_mennas
Zot:1:    layout_misc_corridors
Zot:2:    layout_basic, st_small_dragon_hoard_1
Zot:3:    grunt_deathspiral_small, layout_concentric_octagons,
          skrybe_zot_glass_1
Zot:4:    layout_basic, skrybe_zot_glass_2
Zot:5:    layout_misc_corridors, st_stairs_4

Action                   |  1- 3 |  4- 6 |  7- 9 | 10-12 | 13-15 | 16-18 | 19-21 | 22-24 | 25-27 || total
-------------------------+-------+-------+-------+-------+-------+-------+-------+-------+-------++-------
Melee: Flail             |   153 |   331 |   395 |   261 |  1034 |       |       |       |       ||  2174
       Whip              |       |       |       |   891 |       |       |       |       |       ||   891
       Eveningstar       |       |       |       |       |   843 |  2160 |  1601 |  1948 |  3748 || 10300
       Peck              |       |       |       |       |       |       |       |       |   367 ||   367
       Headbutt          |       |       |       |       |       |       |       |       |     2 ||     2
Throw: Dart              |       |     3 |    40 |       |    31 |     5 |       |       |       ||    79
       Javelin           |       |       |       |       |       |       |     3 |       |       ||     3
Invok: Heroism           |       |       |       |    12 |    17 |    64 |    24 |    36 |    73 ||   226
       Finesse           |       |       |       |     5 |    10 |    27 |    11 |    11 |    24 ||    88
Evoke: Wand              |       |       |       |     2 |     8 |       |       |     2 |     7 ||    19
       Condenser vane    |       |       |       |       |     1 |     2 |     3 |    11 |    10 ||    27
       Phial of floods   |       |       |       |       |     2 |     1 |       |     4 |     3 ||    10
       Lightning rod     |       |       |       |       |       |     4 |     5 |    25 |    23 ||    57
       Phantom mirror    |       |       |       |       |       |       |       |       |     5 ||     5
  Use: Scroll            |       |     7 |     8 |     6 |    21 |    10 |     5 |    12 |    33 ||   102
       Potion            |       |       |       |       |       |    17 |     2 |    12 |    25 ||    56
 Stab: Confused          |       |       |       |       |       |     4 |       |       |       ||     4
       Distracted        |       |       |       |       |       |       |     1 |       |     4 ||     5
Armor: Leather armour    |    12 |       |       |       |       |       |       |       |       ||    12
       Chain mail        |    74 |    36 |       |       |       |       |       |       |       ||   110
       Ring mail         |     2 |       |       |       |       |       |       |       |       ||     2
       Plate armour      |       |   252 |   323 |   492 |    72 |       |       |       |       ||  1139
       Crystal plate arm |       |       |       |       |   882 |   978 |   420 |   583 |   367 ||  3230
       Gold dragon scale |       |       |       |       |       |       |       |       |   608 ||   608
Dodge: Dodged            |    70 |    94 |   120 |   179 |   783 |  1171 |   272 |   439 |  1003 ||  4131
       Repelled          |       |       |       |       |       |       |       |       |    65 ||    65
Block: Buckler           |    15 |   197 |   207 |   299 |  1021 |  1252 |   284 |   270 |     9 ||  3554
       Kite shield       |       |       |       |   195 |       |       |  1485 |  2171 |  4880 ||  8731
       Reflection        |       |       |       |       |       |     1 |   119 |    43 |    87 ||   250
